 Dungeon Crawl Stone Soup version 0.20.1-1-g8b1a95d (webtiles) character file.

25568 letownia2 the Cleaver (level 12, -2/104 HPs)
             Began as a Deep Dwarf Necromancer on Dec 18, 2017.
             Was an Initiate of Gozag.
             Shot with an arrow by something (3 damage)
             ... on level 13 of the Dungeon.
             The game lasted 00:39:48 (13499 turns).

letownia2 the Cleaver (Deep Dwarf Necromancer)     Turns: 13499, Time: 00:39:48

Health: -2/104     AC: 12    Str: 14    XL:     12   Next: 90%
Magic:  43/43      EV: 11    Int: 19    God:    Gozag
Gold:   1699       SH:  0    Dex: 13    Spells: 19/29 levels left

rFire    . . .     SeeInvis .   a - +2 war axe (elec)
rCold    . . .     Gourm    .   (no shield)
rNeg     . . .     Faith    .   r - +0 ring mail
rPois    .         Spirit   .   f - +1 helmet
rElec    .         Reflect  .   j - +1 cloak
rCorr    .         Harm     .   Y - +0 pair of gloves
MR       +....                  D - +0 pair of boots
Stlth    +.........             y - amulet of rage
Regen    0.0/turn               e - ring of magical power
MPRegen  0.3/turn               G - ring of Ru's the Extremely Mad {MP+9 Slay+5}

@: about to teleport, gold aura, very slightly contaminated, non-regenerating,
invisible
A: damage resistance, heal wounds, sense surroundings 2, no regeneration
a: Heal Wounds, Potion Petition, Call Merchant, Bribe Branch, Renounce Religion,
Evoke Berserk Rage


You were on level 13 of the Dungeon.
You worshipped Gozag.
Gozag was most pleased with you.
You were not hungry.

You visited 4 branches of the dungeon, and saw 17 of its levels.

You collected 3382 gold pieces.
You spent 182 gold pieces at shops.
You paid 1501 gold pieces to Gozag.

Inventory:

Hand Weapons
 a - a +2 war axe of electrocution (weapon)
 b - a +3 war axe of freezing
 U - a +3 spear of venom
 Z - a +1 falchion of flaming
Missiles
 A - 4 javelins of penetration (quivered)
Armour
 f - a +1 helmet (worn)
 j - a +1 cloak (worn)
 r - a +0 ring mail (worn)
 D - a +0 pair of boots (worn)
 Y - a +0 pair of gloves (worn)
Magical Staves
 W - an uncursed staff of wizardry
Jewellery
 e - a ring of magical power (left hand)
 q - an uncursed ring of resist corrosion
 y - an amulet of rage (around neck)
 G - the ring of Ru's the Extremely Mad (right hand) {MP+9 Slay+5}
   (You bought it in a shop on level 10 of the Dungeon)

   [ring of magical power]

   It affects your accuracy and damage with ranged weapons and melee attacks
   (+5).
   It affects your magic capacity (+9).
 S - an uncursed ring of see invisible
Wands
 i - a wand of scattershot (2/9)
 p - a wand of polymorph (17/24)
 F - a wand of flame (17/48)
 M - a wand of iceblast (15/15)
 Q - a wand of scattershot (7/9)
 T - a wand of digging (11/24)
 V - a wand of disintegration (8/24)
Scrolls
 d - 9 scrolls of remove curse
 g - 3 scrolls of fog
 h - 2 scrolls of immolation
 o - 2 scrolls of recharging
 s - 3 scrolls of identify
 t - 2 scrolls of amnesia {unknown}
 x - 5 scrolls of teleportation
 z - a scroll of magic mapping
 B - 2 scrolls of fear {unknown}
 L - a scroll of torment {unknown}
Potions
 k - 9 potions of curing
 l - a potion of invisibility
 m - 3 potions of lignification
 n - 3 potions of might
 u - 3 potions of heal wounds
 v - a potion of cancellation
 w - 3 potions of haste
 C - 3 potions of berserk rage
 E - 4 potions of ambrosia
 H - 2 potions of resistance
 J - a potion of flight
 K - a potion of magic
 O - 3 potions of agility
 P - 2 potions of mutation
 R - 2 potions of brilliance
Comestibles
 c - 6 bread rations
 I - a meat ration
 N - 5 fruits
 X - a royal jelly


   Skills:
 - Level 5.9 Fighting
 + Level 12.8 Axes
 - Level 3.2 Armour
 - Level 2.3 Dodging
 - Level 2.7 Stealth
 - Level 9.4 Spellcasting
 - Level 4.2 Conjurations
 - Level 12.0 Necromancy
 - Level 4.1 Fire Magic
 - Level 4.6 Evocations


You had 19 spell levels left.
You knew the following spells:

 Your Spells              Type           Power        Failure   Level  Hunger
a - Pain                  Necr           ####         1%          1    None
b - Throw Flame           Conj/Fire      ###...       4%          2    None
c - Conjure Flame         Conj/Fire      ###.....     9%          3    None
d - Flame Tongue          Conj/Fire      ###..        2%          1    None
v - Vampiric Draining     Necr           ######....   1%          3    None


Dungeon Overview and Level Annotations

Branches:
Dungeon (13/15)            Temple (1/1) D:6            Lair (2/6) D:8
    Orc (1/2) D:10
  Swamp: Lair:2-4    Shoals: Lair:2-4     Snake: Lair:2-4    Spider: Lair:2-4
 Vaults: D:13-14

Altars:
Ashenzari
Cheibriados
Dithmenos
Fedhas
Gozag
Hepliaklqana
Kikubaaqudgha
Makhleb
Nemelex Xobeh
Qazlal
Trog
Uskayaw
Xom
Yredelemnul
Zin
The Shining One

Shops:
D:7 *   D:10 [*   Orc:1 =

Annotations:
D:11 plantmann's ghost, journeyman HOGl


Innate Abilities, Weirdness & Mutations

You are resistant to damage.
You can heal yourself by infusing magical energy.
You passively map the area around you.
You do not regenerate.


Message History

You hear a twanging sound.
An arrow appears from out of thin air!
The arrow hits you!!
* * * LOW HITPOINT WARNING * * *
Unknown command.
Unknown command.
As you read the scroll of teleportation, it crumbles to dust.
You feel strangely unstable.
You hear a twanging sound.
An arrow appears from out of thin air!
The arrow hits you but does no damage.
You hear some strange, mumbled words.
A shard of ice appears from out of thin air!
The shard of ice hits you!
* * * LOW HITPOINT WARNING * * *
Unknown command.
You see here a poisoned needle.
Unknown command.
You hear a twanging sound.
An arrow appears from out of thin air!
The arrow hits you.
You die...
Your body crumbles into a pile of gold.

#.#.#.#.#.#.#...#.#.#.#(#
##.#.#.#######..#######.#
#.#.#.##$ ,.,#..# . #.#
##.#.#.#,$ .##..##e* #.#
#.#.#.##. ,#.#..#.# #.#
##.#.#.#..##.#..#.##.,#..
#.#$#)## #......e... ,#..
##.#.#.#####$#..#.#####..
#.#.#(..@(($.$...........
##.#.#.......(......)(...
#.#.#.######(#$.#(#####..
##.#.#.#,#..........# #..
#.#.#.##..##.#..#.##..#..
########.* #.#..#.# .###
# $ .##..##. , # ,
.,#..#,.. , # #..# # *


There were no monsters in sight!

Vanquished Creatures
  A hydra (D:9)
  A centaur warrior (D:13)
  2 two-headed ogres
  A skeletal warrior (D:13)
  An unseen horror (D:12)
  Pikel (D:7)
  3 wizards (D:11)
  An orc sorcerer (D:11)
  2 cyclopes
  A manticore (D:13)
  A deep elf mage (D:13)
  Joseph (D:7)
  A centaur zombie (D:11)
  A gargoyle (D:13)
  3 centaur skeletons
  2 komodo dragons (D:10)
  An efreet (D:13)
  2 trolls (D:11)
  Grinder (D:5)
  A hornet (D:9)
  4 blink frogs (Lair:1)
  2 dream sheep (D:9)
  3 hippogriffs
  Sigmund (D:2)
  2 wyverns
  A wraith (D:12)
  18 yaks
  A hungry ghost (D:12)
  A basilisk (D:13)
  Edmund (D:5)
  3 wargs (Orc:1)
  2 acid dragons
  A soldier ant (D:13)
  2 porcupines (Lair:2)
  A water moccasin (Lair:1)
  A hornet zombie (D:10)
  4 slaves
  5 black bears
  5 orc warriors
  An eye of draining (D:11)
  3 sky beasts
  An ice beast (D:7)
  A phantom (D:11)
  16 ogres
  A black bear (shapeshifter) (D:13)
  A boggart (D:13)
  A necrophage (D:9)
  12 centaurs
  A crocodile (Lair:1)
  8 big kobolds
  12 bullfrogs
  A gnoll sergeant (D:10)
  A wyvern skeleton (D:13)
  5 scorpions
  A water moccasin skeleton (D:11)
  10 killer bees
  4 wights (D:8)
  3 howler monkeys (D:8)
  A quasit (D:12)
  5 crimson imps
  2 bullfrog zombies
  7 jellies
  5 orc priests
  2 bullfrog skeletons
  11 hounds
  13 orc wizards
  An iron imp (D:9)
  Jessica (D:3)
  Natasha (twice) (D:2)
  4 iguanas
  5 worker ants
  2 hound zombies
  A worker ant zombie (D:7)
  Robin (D:3)
  5 gnolls (D:10)
  13 adders
  3 shadow imps
  2 oozes
  3 adder zombies
  5 worms
  2 dart slugs
  6 leopard geckos
  44 orcs
  4 ball pythons
  9 bats
  6 giant cockroaches
  19 goblins
  15 hobgoblins
  13 jackals
  14 kobolds
  7 quokkas
  4 frilled lizards
  A leopard gecko zombie (D:3)
  A quokka skeleton (D:6)
  8 rats
  A fungus (Lair:1)
417 creatures vanquished.

Vanquished Creatures (others)
  A fungus (D:8)
  A plant (Lair:1)
2 creatures vanquished.

Grand Total: 419 creatures vanquished

Notes
Turn   | Place    | Note
-------+----------+-------------------------------------------
     0 | D:1      | letownia2 the Deep Dwarf Necromancer began the quest for the Orb.
     0 | D:1      | Reached XP level 1. HP: 15/15 MP: 3/3
   206 | D:2      | Reached XP level 2. HP: 22/22 MP: 4/4
   334 | D:2      | Reached skill level 5 in Necromancy
   604 | D:3      | Reached XP level 3. HP: 28/28 MP: 6/6
   609 | D:3      | Learned a level 3 spell: Vampiric Draining
   926 | D:3      | Reached XP level 4. HP: 30/36 MP: 7/7
   975 | D:4      | Found a blossoming altar of Fedhas.
   980 | D:4      | Noticed an ogre
   991 | D:4      | Killed an ogre
   991 | D:4      | Reached XP level 5. HP: 37/42 MP: 5/9
  1197 | D:4      | Noticed an ogre
  1229 | D:4      | Killed an ogre
  1229 | D:4      | Reached XP level 6. HP: 34/49 MP: 4/11
  1712 | D:4      | Reached XP level 7. HP: 42/55 MP: 10/13
  1827 | D:5      | Entered Level 5 of the Dungeon
  1986 | D:5      | Noticed Grinder
  2424 | D:5      | Paralysed by Grinder for 2 turns
  2438 | D:5      | Killed Grinder
  2438 | D:5      | Reached skill level 5 in Spellcasting
  2845 | D:5      | Noticed Edmund
  2883 | D:5      | Killed Edmund
  2883 | D:5      | Reached XP level 8. HP: 42/62 MP: 1/16
  3599 | D:6      | Found a staircase to the Ecumenical Temple.
  3639 | Temple   | Entered the Ecumenical Temple
  3669 | Temple   | Became a worshipper of Gozag Ym Sagoz the Greedy
  3762 | D:6      | Reached skill level 1 in Fighting
  4009 | D:6      | Reached skill level 1 in Armour
  4218 | D:6      | Found a glowing silver altar of Zin.
  4654 | D:3      | Found an ancient bone altar of Kikubaaqudgha.
  4715 | D:3      | Found a burning altar of Makhleb.
  4741 | D:3      | Found a shadowy altar of Dithmenos.
  4776 | D:3      | Noticed Robin
  4778 | D:3      | Noticed Jessica
  4789 | D:3      | Killed Robin
  4797 | D:3      | Killed Jessica
  5551 | D:2      | Noticed Sigmund
  5560 | D:2      | Killed Sigmund
  5560 | D:2      | Gained mutation: You passively map the area around you. [Deep Dwarf growth]
  5560 | D:2      | Reached XP level 9. HP: 55/74 MP: 18/18
  5606 | D:2      | Noticed Natasha
  5614 | D:2      | Killed Natasha
  5899 | D:2      | Noticed Natasha
  5903 | D:2      | Killed Natasha
  7068 | D:7      | Noticed Joseph
  7092 | D:7      | Killed Joseph
  7181 | D:7      | Noticed Pikel
  7731 | D:8      | Reached skill level 1 in Axes
  7773 | D:8      | Reached XP level 10. HP: 63/81 MP: 0/23
  8049 | D:8      | Found a staircase to the Lair.
  8261 | D:9      | Reached skill level 10 in Necromancy
  8287 | D:9      | Found a shadowy altar of Dithmenos.
  8319 | D:9      | Found a snail-covered altar of Cheibriados.
  8365 | D:9      | Noticed a two-headed ogre
  8827 | D:9      | Reached skill level 5 in Axes
  8983 | D:9      | Noticed a two-headed hydra
  8987 | D:9      | Killed a one-headed hydra
  9034 | D:10     | Entered Level 10 of the Dungeon
  9050 | D:10     | Reached skill level 1 in Evocations
  9148 | D:10     | Reached XP level 11. HP: 71/93 MP: 17/24
  9198 | D:10     | Found a staircase to the Orcish Mines.
  9325 | D:10     | Learned a level 3 spell: Conjure Flame
  9328 | D:10     | Learned a level 2 spell: Throw Flame
  9330 | D:10     | Learned a level 1 spell: Flame Tongue
  9362 | D:10     | Bought a warped turquoise ring for 130 gold pieces
  9362 | D:10     | Bought a scroll labeled ROLAQEI DECUVA for 26 gold pieces
  9362 | D:10     | Bought a scroll labeled NINUOM HUERUMU for 26 gold pieces
  9363 | D:10     | Identified the ring of Ru's the Extremely Mad {MP+9 Slay+5} (You bought it in a shop on level 10 of the Dungeon)
  9469 | D:10     | Reached skill level 1 in Conjurations
  9480 | D:10     | Reached skill level 1 in Fire Magic
  9537 | D:10     | Found Mesen's Armour Shop.
  9722 | D:11     | Noticed an orc sorcerer
  9738 | D:11     | Noticed a wizard
  9762 | D:11     | Killed a wizard
  9765 | D:11     | Noticed a wizard
  9770 | D:11     | Noticed a wizard
  9772 | D:11     | Killed a wizard
  9784 | D:11     | Killed a wizard
  9805 | D:11     | Killed an orc sorcerer
 10310 | D:7      | Killed Pikel
 10409 | Orc:1    | Entered Level 1 of the Orcish Mines
 10487 | Lair:1   | Entered Level 1 of the Lair of Beasts
 10646 | Lair:1   | Reached XP level 12. HP: 65/100 MP: 22/25
 10905 | Orc:1    | Found Ocarrog's Jewellery Shop.
 10951 | Orc:1    | Noticed an orc warlord
 11298 | D:10     | Noticed a two-headed ogre
 11309 | D:10     | Killed a two-headed ogre
 11416 | D:11     | Reached skill level 10 in Axes
 11480 | D:11     | Noticed plantmann's ghost (journeyman HOGl)
 12062 | D:12     | Noticed a two-headed ogre
 12083 | D:12     | Killed a two-headed ogre
 12982 | D:13     | Reached skill level 5 in Fighting
 13356 | D:13     | Noticed a centaur warrior
 13390 | D:13     | Killed a centaur warrior
 13497 | D:13     | HP: 1/104 [something/shard of ice (13)]
 13499 | D:13     | Shot with an arrow by something

Skill      XL: |  1  2  3  4  5  6  7  8  9 10 11 12 |
---------------+-------------------------------------+-----
Necromancy     | 5 6 7 8 9 10 11 12 | 12.0
Spellcasting   | 2 3 4 5 6 9 |  9.4
Fighting       | 2 4 5 |  5.9
Armour         | 3 |  3.2
Axes           | 1 7 9 12 | 12.8
Evocations     | 2 4 |  4.6
Conjurations   | 4 |  4.2
Fire Magic     | 4 |  4.1
Dodging        | |  2.3
Stealth        | |  2.7

Action                   |  1- 3 |  4- 6 |  7- 9 | 10-12 || total
-------------------------+-------+-------+-------+-------++-------
Melee: Unarmed           |     3 |       |       |       ||     3
       Flail             |     3 |    12 |   139 |       ||   154
       Mace              |       |       |    17 |       ||    17
       War axe           |       |       |     9 |   462 ||   471
       Falchion          |       |       |       |     3 ||     3
 Cast: Pain              |    35 |    59 |   289 |    14 ||   397
       Vampiric Draining |     2 |     6 |    75 |   255 ||   338
       Conjure Flame     |       |       |       |    14 ||    14
       Flame Tongue      |       |       |       |    15 ||    15
Invok: Call Merchant     |       |       |     1 |     1 ||     2
 Abil: Evoke Berserk Rag |       |       |     1 |       ||     1
Evoke: Wand              |       |       |     2 |     2 ||     4
  Use: Scroll            |       |       |     2 |    27 ||    29
       Potion            |       |       |       |     3 ||     3
 Stab: Distracted        |       |       |       |     5 ||     5
       Sleeping          |       |       |       |     1 ||     1
  Eat: Chunk             |     1 |     3 |    18 |     3 ||    25
       Royal jelly       |       |       |     4 |     2 ||     6
       Fruit             |       |       |       |    15 ||    15
Armor: Ring mail         |     3 |     9 |   136 |   273 ||   421
       Leather armour    |     1 |       |       |       ||     1
Dodge: Dodged            |    13 |    21 |   207 |   362 ||   603
